 Dungeon Crawl Stone Soup version 0.23.2-40-g277498a001 (webtiles) character file.

Game seed: 3565481252552106632

45 koregor the Sneak (level 3, -11/30 HPs)
             Began as a Demigod Assassin on Oct 17, 2019.
             Mangled by Sigmund
             ... wielding a +4 scythe of protection
              (14 damage)
             ... on level 2 of the Dungeon.
             The game lasted 00:04:57 (1899 turns).

koregor the Sneak (Demigod Assassin)                Turns: 1899, Time: 00:04:58

Health: -11/30     AC:  4    Str: 16    XL:     3   Next: 25%
Magic:  0/5        EV: 12    Int: 15    God:
Gold:   84         SH:  0    Dex: 17    Spells: 2/2 levels left

rFire    . . .     SeeInvis .   a - +2 dagger
rCold    . . .     Gourm    .   (no shield)
rNeg     . . .     Faith    .   c - +0 robe
rPois    .         Spirit   +   i - +0 helmet (curse)
rElec    .         Reflect  .   d - +0 cloak
rCorr    .         Harm     .   (no gloves)
MR       .....                  (no boots)
Stlth    +++.......             l - amulet of guardian spirit
HPRegen  0.10/turn              (no ring)
MPRegen  0.09/turn              (no ring)

@: no status effects
A: high mp 1
a: no special abilities


You were on level 2 of the Dungeon.
You were hungry.

You visited 1 branch of the dungeon, and saw 2 of its levels.

You collected 84 gold pieces.

Inventory:

Hand Weapons
 a - a +2 dagger (weapon)
 b - a +0 blowgun
 q - a +0 dagger
Missiles
 e - 10 poisoned needles
 f - 2 curare-tipped needles
Armour
 c - a +0 robe (worn)
 d - a +0 cloak (worn)
 i - a cursed +0 helmet (worn)
Jewellery
 l - an amulet of guardian spirit (around neck)
 n - an uncursed ring of magical power {unknown}
Wands
 p - a wand of polymorph (8)
Scrolls
 h - a scroll of identify
 j - a scroll of blinking {unknown}
 m - a scroll of fear {unknown}
 o - 3 scrolls of enchant armour {unknown}
Potions
 k - 2 potions of berserk rage {unknown}
 r - a potion of lignification {unknown}
 s - a potion of degeneration {unknown}
Comestibles
 g - 6 rations


   Skills:
 * Level 2.5 Fighting
 * Level 2.4 Short Blades
 - Level 1.7 Throwing
 - Level 0.8 Dodging
 * Level 4.1 Stealth


You had 2 spell levels left.
You didn't know any spells.
Your spell library was empty.

Dungeon Overview and Level Annotations

Branches:
Dungeon (2/15)

Annotations:
D:2 Sigmund


Innate Abilities, Weirdness & Mutations

You have an increased reservoir of magic. (+10% MP)


Message History

You are confused.
You bump into the rock wall.
Something hits you but does no damage.
You bump into the rock wall.
You bump into the rock wall.
Something hits you!
You're too confused!
You're too confused!
You're too confused!
You're too confused!
You're too confused!
Something hits you.
* * * LOW HITPOINT WARNING * * *
You bump into the rock wall.
You feel less confused.
You hear some strange, mumbled words.
You are confused.
Something hits you.
* * * LOW HITPOINT WARNING * * *
You feel less confused. Something hits you!
You die...

.#####.#......#.#.. ..
.'..##.######.#.#.# .#
.##)##.# ###.#.# .#
.##.##.# ...#.# .###.#
.##....# #.#.###.((((#
.####### #...(.(# .#
#...##.##### .#
#.#........# ##
#.@........#
#..........######## @
#..........'....... ..
#..........######## ...
#..........######## .[..
#..................
.....#####................
..........................
##.....#########.........


There were no monsters in sight!

Vanquished Creatures
  2 adders (D:2)
  3 dart slugs (D:1)
  A giant cockroach (D:2)
  3 goblins
  2 hobgoblins
  A jackal (D:2)
  3 kobolds
  A bat (D:1)
  2 frilled lizards
  5 rats
23 creatures vanquished.

Notes
Turn   | Place    | Note
-------+----------+-------------------------------------------
     0 | D:1      | koregor the Demigod Assassin began the quest for the Orb.
     0 | D:1      | Reached XP level 1. HP: 17/17 MP: 3/3
   535 | D:1      | Reached XP level 2. HP: 24/24 MP: 4/4
  1541 | D:2      | Noticed Sigmund
  1661 | D:2      | Found an ornate altar of the Wu Jian Council.
  1696 | D:2      | Reached skill level 4 in Stealth
  1696 | D:2      | Reached XP level 3. HP: 29/30 MP: 3/5
  1899 | D:2      | Mangled by Sigmund

Skill      XL: |  1  2 |
---------------+-------+-----
Fighting       | 2 |  2.5
Short Blades   | 2 |  2.4
Stealth        | 4 |  4.1
Throwing       | |  1.7
Dodging        | |  0.8

Action                   || total
-------------------------++-------
Melee: Dagger            ||    57
 Fire: Blowgun           ||    13
  Use: Scroll            ||     1
 Stab: Sleeping          ||     7
  Eat: Chunk             ||     2
Armor: Robe              ||     8
Dodge: Dodged            ||    22
